 Dungeon Crawl Stone Soup version 0.23.0 (webtiles) character file.

Game seed: 12481471777885085167

13 tidbits the Charmwright (level 2, 26/26 HPs)
             Began as a Gnoll Skald on Feb 11, 2019.
             Quit the game on level 1 of the Dungeon.
             The game lasted 00:01:55 (267 turns).

tidbits the Charmwright (Gnoll Skald)                Turns: 267, Time: 00:01:55

Health: 26/26      AC:  4    Str: 13    XL:     2   Next: 37%
Magic:  6/7        EV: 14    Int: 15    God:
Gold:   27         SH:  0    Dex: 14    Spells: 5/10 levels left

rFire    + . .     SeeInvis .   a - +0 spear
rCold    . . .     Gourm    .   (no shield)
rNeg     . . .     Faith    .   B - +1 leather armour {rF+}
rPois    .         Spirit   .   (no helmet)
rElec    .         Reflect  .   (no cloak)
rCorr    .         Harm     .   (no gloves)
MR       .....                  (no boots)
Stlth    +.........             (no amulet)
HPRegen  0.08/turn              (no ring)
MPRegen  0.10/turn              (no ring)

@: no status effects
A: distributed training, fangs 1, strong nose
a: no special abilities


You were on level 1 of the Dungeon.
You were full.

You visited 1 branch of the dungeon, and saw 1 of its levels.

You collected 27 gold pieces.

Inventory:

Hand Weapons
 a - a +0 spear (weapon)
 h - a +0 dagger
Armour
 b - a +0 leather armour
 B - a +1 leather armour of fire resistance (worn)
   (You found it on level 1 of the Dungeon)
Scrolls
 e - a scroll of magic mapping {unknown}
 f - a scroll of enchant armour {unknown}
 g - 3 scrolls of identify {unknown}
 i - a scroll of remove curse {unknown}
 j - a scroll of amnesia {unknown}
 k - a scroll of fog {unknown}
 l - a scroll of teleportation {unknown}
Potions
 c - 3 potions of might {unknown}
Comestibles
 d - 4 rations


   Skills:
 + Level 4.4 Fighting
 + Level 0.3 Short Blades
 + Level 0.3 Long Blades
 + Level 0.3 Axes
 + Level 0.3 Maces & Flails
 + Level 4.4 Polearms
 + Level 0.3 Staves
 + Level 0.3 Slings
 + Level 0.3 Bows
 + Level 0.3 Crossbows
 + Level 0.3 Throwing
 + Level 2.4 Armour
 + Level 4.4 Dodging
 + Level 0.3 Stealth
 + Level 0.3 Shields
 + Level 0.3 Unarmed Combat
 + Level 4.9 Spellcasting
 + Level 0.2 Conjurations
 + Level 0.2 Hexes
 + Level 5.3 Charms
 + Level 0.2 Summonings
 + Level 0.2 Necromancy
 + Level 0.2 Translocations
 + Level 0.2 Transmutations
 + Level 0.2 Fire Magic
 + Level 0.2 Ice Magic
 + Level 0.2 Air Magic
 + Level 0.2 Earth Magic
 + Level 0.2 Poison Magic
 + Level 0.4 Invocations
 + Level 0.3 Evocations


You had 5 spell levels left.
You knew the following spells:

 Your Spells              Type           Power        Failure   Level  Hunger
g - Shroud of Golubria    Chrm/Tloc      ##........   10%         2    ##.....
i - Infusion              Chrm           ###.         2%          1    None
y - Song of Slaying       Chrm           ###.....     3%          2    ##.....

Your spell library contained the following spells:

 Spells                   Type           Power        Failure   Level  Hunger
 Regeneration             Chrm/Necr      ##........   21%         3    ###....
 Spectral Weapon          Hex/Chrm       ##......     21%         3    ###....


Dungeon Overview and Level Annotations

Branches:
Dungeon (1/15)

Altars:


Innate Abilities, Weirdness & Mutations

Your experience applies equally to all skills.
You have very sharp teeth.
Your uncanny sense of smell can sniff out nearby items.


Message History

The hobgoblin shouts!
The goblin shouts!
A bat comes into view.
Unknown command.
Casting: Infusion (safe; 2% risk of failure)
Confirm with . or Enter, or press ? or * to list all spells.
You begin infusing your attacks with magical energy.
Unknown command.
A rat comes into view.
The bat hits you but does no damage.
Unknown command.
You closely miss the bat. The bat hits you.
You hit the goblin.
You kill the goblin!
You have reached level 2!
The bat hits you.
You completely miss the hobgoblin. The bat closely misses you.
The hobgoblin barely misses you.
You hit the hobgoblin.
The hobgoblin is severely wounded.
The bat closely misses you.
A kobold comes into view.
The hobgoblin hits you with a +0 club.
The kobold shouts!
You hit the hobgoblin.
The hobgoblin is almost dead.
You hear a shout!
The bat misses you. The hobgoblin misses you.
You hit the hobgoblin.
You kill the hobgoblin!
The bat hits you but does no damage. The bat misses you.
You barely miss the bat. The rat completely misses you.
The bat hits you but does no damage.
You hit the bat!
You kill the bat!
The rat bites you but does no damage.
You closely miss the kobold. The rat completely misses you.
The kobold hits you but does no damage.
You hit the kobold.
The kobold is severely wounded.
The rat bites you but does no damage. The kobold barely misses you.
You hit the kobold.
You kill the kobold!
The rat closely misses you.
You hit the rat.
You kill the rat!
No target in view!
No target in view!
Memorise Song of Slaying, consuming 2 spell levels and leaving 7?
You start memorising the spell.
You continue memorising. x2
You finish memorising.
Spell assigned to 'y'.
Memorise Shroud of Golubria, consuming 2 spell levels and leaving 5?
You start memorising the spell.
You continue memorising. x2
You finish memorising.
Spell assigned to 'g'.
Items here: )) ††† a +0 club x2; a bat corpse; a hobgoblin corpse; a goblin corpse You hit the hobgoblin.
The hobgoblin is almost dead.
The hobgoblin closely misses you.
You hit the hobgoblin.
You kill the hobgoblin!
Things that are here:
11 gold pieces; a hobgoblin corpse You now have 11 gold pieces.
Found 16 gold pieces.
Found a ration.
Unknown command.
Your magical infusion is running out.
You see here 16 gold pieces.
You now have 27 gold pieces (gained 16).
You are no longer magically infusing your attacks.
You see here a ration.
d - 4 rations (gained 1)
A kobold comes into view.
The kobold shouts!
The kobold throws a stone.
The stone closely misses you.
You see here a stone.
The kobold throws a stone.
The stone misses you.
Unknown command.
Casting: Infusion (safe; 2% risk of failure)
Confirm with . or Enter, or press ? or * to list all spells.
You begin infusing your attacks with magical energy.
The kobold throws a stone.
The stone hits you.
The kobold throws a stone.
The stone barely misses you.
The kobold throws a stone.
The stone closely misses you.
Attack whom?
Press: ? - help, Dir - move target cursor, f - kobold
Aim: a kobold You reach to attack!
You hit the kobold.
You kill the kobold!
Found a scroll labeled PEGEUQOJIE.
You see here a kobold corpse.
Unknown command.
You see here a scroll labeled PEGEUQOJIE.
Unknown command.
l - a scroll labeled PEGEUQOJIE Unknown command.
Unknown command.
Your magical infusion is running out.
You are no longer magically infusing your attacks.
Are you sure you want to abandon this character and quit the game? (Confirm with "yes".)

###.#.#.#......
#.....#.#######
#.#.###.#
####.#.###(######
#...............#
#.##.#.....(....#
#.##......(.....#
#...............#
#@###...........#
#.###......##.###
#.........###.#
#.#.#.#####...#
#.#.......#.######
#................#
###.....†)..####.#
#......†....##.#
#........##.....


There were no monsters in sight!

Vanquished Creatures
  3 bats (D:1)
  A goblin (D:1)
  3 hobgoblins (D:1)
  3 kobolds (D:1)
  A frilled lizard (D:1)
  A rat (D:1)
12 creatures vanquished.

Notes
Turn   | Place    | Note
-------+----------+-------------------------------------------
     0 | D:1      | tidbits the Gnoll Skald began the quest for the Orb.
     0 | D:1      | Reached XP level 1. HP: 20/20 MP: 6/6
   167 | D:1      | Reached XP level 2. HP: 25/26 MP: 3/7
   181 | D:1      | Learned a level 2 spell: Song of Slaying
   184 | D:1      | Learned a level 2 spell: Shroud of Golubria
   267 | D:1      | Quit the game

Action                   || total
-------------------------++-------
Melee: Spear             ||    27
       Bite              ||     1
 Cast: Infusion          ||     4
  Eat: Ration            ||     1
Armor: Leather armour    ||    10
Dodge: Dodged            ||    22

Table legend:
 A = Turns spent in this place as a percentage of turns spent in the entire game.
 B = Non-inter-level travel turns spent in this place as a percentage of non-inter-level travel turns spent in the entire game.
 C = Inter-level travel turns spent in this place as a percentage of turns spent in this place.
 D = Turns resting spent in this place as a percentage of non-inter-level travel turns spent in this place.
 E = Turns spent auto-exploring this place as a percentage of non-inter-level travel turns spent in this place.
 F = Non-inter-level travel turns spent in this place divided by the number of levels of this place that you've seen.
                   A       B       C       D       E      F
               +-------+-------+-------+-------+-------+----------------------
         Total | 100.0 | 100.0 |   0.0 |   0.0 |   0.0 | 267.0
       Dungeon | 100.0 | 100.0 |   0.0 |   0.0 |   0.0 | 267.0
               +-------+-------+-------+-------+-------+----------------------

Table legend:
 A = Kills in this place as a percentage of kills in entire the game.
 B = Kills by you in this place as a percentage of kills by you in the entire game.
 C = Kills by friends in this place as a percentage of kills by friends in the entire game.
 D = Other kills in this place as a percentage of other kills in the entire game.
 E = Experience gained in this place as a percentage of experience gained in the entire game.
 F = Experience gained in this place divided by the number of levels of this place that you have seen.
                   A       B       C       D       E      F
               +-------+-------+-------+-------+-------+----------------------
         Total | 100.0 | 100.0 |   N/A |   N/A | 100.0 |  19.0
       Dungeon | 100.0 | 100.0 |   N/A |   N/A | 100.0 |  19.0
               +-------+-------+-------+-------+-------+----------------------

Levels and vault maps discovered:
D:1:      kennysheep_arrival_seaside, layout_loops_cross
